 Dungeon Crawl Stone Soup version 0.31-a0-198-g2ad674f65e (webtiles) character file.

Game seed: 14916135761091055709

545 qw the Skirmisher (level 7, 0/40 HPs)
             Began as a Deep Elf Hunter on June 25, 2023.
             Slain by a gnoll
             ... wielding a +0 flail
              (2 damage)
             ... on level 5 of the Dungeon.
             The game lasted 00:01:43 (3595 turns).

qw the Skirmisher (Deep Elf Hunter)                 Turns: 3595, Time: 00:01:43

Health: 0/40       AC:  8    Str: 10    XL:     7   Next: 6%
Magic:  0/9        EV:  9    Int: 14    God:
Gold:   158        SH:  0    Dex: 18    Spells: 6/6 levels left

rFire   . . .        Y - +0 shortbow
rCold   . . .        (shield currently unavailable)
rNeg    . . .        i - +0 scale mail
rPois   .            (no helmet)
rElec   .            (no cloak)
rCorr   .            (no gloves)
SInv    .            d - +1 pair of boots
Will    .....        b - amulet of guardian spirit
Stlth   +            (no ring)
HPRegen 0.26/turn    (no ring)
MPRegen 0.11/turn

%: guardian spirit
@: about to teleport
A: no striking features
a: no special abilities


You were on level 5 of the Dungeon.
You visited 1 branch of the dungeon, and saw 5 of its levels.

You collected 158 gold pieces.


   Skills:
 - Level 2.0 Fighting
 + Level 10.2 Ranged Weapons
 - Level 1.6 Armour
 - Level 3.2 Dodging
 - Level 1.2 Stealth


You had 6 spell levels left.
You didn't know any spells.
Your spell library was empty.

Inventory:

Hand Weapons
 Y - a +0 shortbow (weapon)
Armour
 d - a +1 pair of boots (worn)
 i - a +0 scale mail (worn)
Jewellery
 b - an amulet of guardian spirit (around neck)
 e - an amulet of the acrobat
Scrolls
 h - 5 scrolls of teleportation
Potions
 a - 3 potions of cancellation
 f - a potion of enlightenment {unknown}
 g - a potion of mutation {unknown}
 j - a potion of ambrosia {unknown}

Dungeon Overview and Level Annotations

Branches:
Dungeon (5/15)
 Temple: D:4-7

Altars:
Fedhas
Gozag
Vehumet
Wu Jian
Xom
Yredelemnul
The Shining One


Message History

The gnoll hits you with a +0 whip.
The ufetubus hits you but does no damage. x2
You shoot an arrow. The arrow hits the ufetubus!
You kill the ufetubus!
The gnoll hits you but does no damage.
You shoot an arrow.
The arrow hits the iguana but does no damage.
A gnoll comes into view. It is wielding a +0 spear.
The iguana bites you. The gnoll closely misses you.
You shoot an arrow. The arrow hits the iguana!
The iguana is severely wounded.
You hear an angry hiss.
The iguana bites you.
An iguana comes into view.
The gnoll hits you with a +0 whip.
You shoot an arrow.
The arrow hits the iguana but does no damage.
The iguana is severely wounded.
The gnoll hits you with a +0 whip. The iguana closely misses you.
The gnoll hits you from afar with a +0 spear.
The gnoll barely misses you. The iguana bites you!
The gnoll hits you with a +0 flail!
A gnoll comes into view. It is wielding a +0 whip.
3593 ||| READING 6 scrolls of teleportation.
As you read the scroll of teleportation, it crumbles to dust.
You feel strangely unstable. The iguana closely misses you.
The gnoll hits you from afar with a +0 spear.
The gnoll barely misses you. The gnoll closely misses you.
You shoot an arrow. The arrow completely misses the iguana.
The iguana bites you but does no damage.
The gnoll closely misses you.
The gnoll hits you from afar with a +0 spear.
The gnoll closely misses you.
You shoot an arrow.
The arrow hits the iguana but does no damage.
The iguana is severely wounded.
The gnoll hits you but does no damage. The iguana bites you.
The gnoll hits you with a +0 whip. The gnoll hits you with a +0 flail.
You die...

... .. ....# ... #..
#...# ##+ #.#
#..##...##...####..##.#
#........#........[....
........+.............
..... #.............
#..# #..##.# #....
##..##g@###..##.####..##
.....glgl..............#
......g................#
###.#######..####.######
# ##..####.#####.
+.....#........
#.....#.......>
###...###..##..
.###...###..####


You could see 2 iguanas and 4 gnolls.

Vanquished Creatures
  Sigmund (D:2)
  An ice beast (D:5)
  A bullfrog (D:4)
  A jelly (D:4)
  An iguana (D:4)
  3 gnolls (D:3)
  8 adders
  2 ufetubi
  3 worms
  A dart slug (D:3)
  2 orcs
  5 bats
  4 endoplasms
  2 giant cockroaches
  3 goblins (D:3)
  9 hobgoblins
  4 jackals
  3 kobolds
  8 ball pythons
  A frilled lizard (D:1)
  7 rats
  A spectral hobgoblin (D:1)
71 creatures vanquished.

Notes
Turn   | Place    | Note
-------+----------+-------------------------------------------
     0 | D:1      | qw the Deep Elf Hunter began the quest for the Orb.
     0 | D:1      | Reached XP level 1. HP: 12/12 MP: 3/3
     0 | D:1      | 0 ||| qw: Version: 0.3-a-22-g0ed2b0b
     0 | D:1      | 0 ||| qw: Game counter: 5016
     0 | D:1      | 0 ||| qw: Melee chars always use a shield: true
     0 | D:1      | 0 ||| qw: God list: Okawaru
     0 | D:1      | 0 ||| qw: Allow faded altars: false
     0 | D:1      | 0 ||| qw: Do Orc after clearing Dungeon:15 true
     0 | D:1      | 0 ||| qw: Do second Lair branch before Depths: true
     0 | D:1      | 0 ||| qw: Lair rune preference: random
     0 | D:1      | 0 ||| qw: Goals: Normal
     0 | D:1      | 0 ||| PLANNING D:1-11
   102 | D:1      | Reached skill level 6 in Ranged Weapons
   102 | D:1      | Reached XP level 2. HP: 16/16 MP: 4/4
   218 | D:1      | Found a faded altar of an unknown god.
   219 | D:1      | 219 ||| UPGRADING to +1 pair of boots.
   404 | D:1      | 404 ||| READING scroll labelled FILECOS KOXEGREU.
   405 | D:1      | 405 ||| READING scroll labelled VUISASO BIONAS.
   408 | D:1      | 408 ||| READING scroll labelled VIDGHU FIHONOPP.
   409 | D:1      | 409 ||| DROPPING scroll of butterflies.
   439 | D:2      | Reached XP level 3. HP: 17/20 MP: 5/5
   499 | D:2      | Noticed Sigmund
   509 | D:2      | Killed Sigmund
   510 | D:2      | Reached skill level 8 in Ranged Weapons
   510 | D:2      | Reached XP level 4. HP: 10/25 MP: 6/6
   510 | D:2      | Reached XP level 5. HP: 11/29 MP: 7/7
   641 | D:2      | Reached skill level 9 in Ranged Weapons
   873 | D:2      | Reached skill level 3 in Dodging
   988 | D:2      | 988 ||| UPGRADING to amulet of guardian spirit.
   993 | D:2      | 993 ||| READING scroll labelled MOGGEPL SIUBO.
   993 | D:2      | Identified a scroll of acquirement
   993 | D:2      | 993 ||| ACQUIRING amulet of the acrobat
   993 | D:2      | Acquired an amulet of the acrobat
  1028 | D:3      | 1028 ||| STAIRDANCE
  1032 | D:3      | 1032 ||| STAIRDANCE
  1036 | D:3      | 1036 ||| STAIRDANCE
  1040 | D:3      | 1040 ||| STAIRDANCE
  1044 | D:3      | 1044 ||| STAIRDANCE
  1048 | D:3      | 1048 ||| STAIRDANCE
  1052 | D:3      | 1052 ||| STAIRDANCE
  1056 | D:3      | 1056 ||| STAIRDANCE
  1060 | D:3      | 1060 ||| STAIRDANCE
  1064 | D:3      | 1064 ||| STAIRDANCE
  1068 | D:3      | 1068 ||| STAIRDANCE
  1072 | D:3      | 1072 ||| STAIRDANCE
  1076 | D:3      | 1076 ||| STAIRDANCE
  1080 | D:3      | 1080 ||| STAIRDANCE
  1084 | D:3      | 1084 ||| STAIRDANCE
  1088 | D:3      | 1088 ||| STAIRDANCE
  1092 | D:3      | 1092 ||| STAIRDANCE
  1096 | D:3      | 1096 ||| STAIRDANCE
  1100 | D:3      | 1100 ||| STAIRDANCE
  1104 | D:3      | 1104 ||| STAIRDANCE
  1285 | D:2      | 1285 ||| STAIRDANCE
  1555 | D:3      | Reached XP level 6. HP: 35/35 MP: 8/8
  1802 | D:3      | 1802 ||| READING scroll labelled ZEAXAW YFANOB.
  1903 | D:3      | 1903 ||| READING scroll labelled SOUNKE TIMPU.
  2407 | D:3      | Found an ornate altar of the Wu Jian Council.
  2407 | D:3      | Found a radiant altar of Vehumet.
  2414 | D:3      | Found a shimmering altar of Xom.
  2416 | D:3      | Found a basalt altar of Yredelemnul.
  2417 | D:3      | Found a blossoming altar of Fedhas.
  2419 | D:3      | Found an opulent altar of Gozag.
  2423 | D:3      | Found a glowing golden altar of the Shining One.
  2459 | D:3      | 2459 ||| DRINKING 3 blue potions.
  2809 | D:4      | Reached skill level 10 in Ranged Weapons
  3292 | D:4      | 3292 ||| UPGRADING to +0 scale mail.
  3302 | D:4      | 3302 ||| DROPPING +0 leather armour.
  3303 | D:4      | 3303 ||| READING scroll labelled DUNIAN AKHLIEXT.
  3305 | D:4      | 3305 ||| Stepping ~*~*~tactically~*~*~ (cloud).
  3429 | D:5      | Entered Level 5 of the Dungeon
  3432 | D:5      | Noticed an ice beast
  3442 | D:5      | Killed an ice beast
  3443 | D:5      | Reached skill level 1 in Armour
  3443 | D:5      | Reached XP level 7. HP: 15/40 MP: 3/9
  3592 | D:5      | HP: 8/40 [gnoll/+0 flail (6)]
  3593 | D:5      | 3593 ||| READING 6 scrolls of teleportation.
  3595 | D:5      | HP: 2/40 [gnoll/+0 whip (4)]
  3595 | D:5      | Slain by a gnoll

Levels and vault maps discovered:
D:1:      grunt_arrival_crossed_arrows, layout_basic,
          dreamdust_ecumenical_altar_drowned_temple
D:2:      minmay_door_path, layout_rooms, uniq_sigmund
D:3:      layout_basic, nicolae_overflow_hallway_of_the_gods
D:4:      layout_loops_ring
D:5:      layout_gridville, minmay_temple_entry_sparse_star,
          chequers_serial_rivers_small_b

Skill      XL: |  1  2  3  4  5  6 |
---------------+-------------------+-----
Ranged Weapons | 6 8 9 10 | 10.2
Dodging        | 3 |  3.2
Fighting       | 2 |  2.0
Armour         | 1 |  1.6
Stealth        | |  1.2

Action                     |  1- 3 |  4- 6 |  7- 9 || total
---------------------------+-------+-------+-------++-------
   Fire: Shortbow          |    55 |   167 |    20 ||   242
    Use: Scroll            |     3 |     4 |     1 ||     8
         Potion            |       |     1 |       ||     1
 Armour: Leather armour    |     4 |    11 |       ||    15
         Scale mail        |       |     3 |    11 ||    14
  Dodge: Dodged            |     6 |    59 |    13 ||    78

Table legend:
 A = Non-vault XP
 B = Vault XP
 C = Vault XP percentage of total XP
 D = Non-vault monster count
 E = Vault monster count
 F = Vault count percentage of total count
                 A         B        C        D         E       F
            +---------+---------+-------+---------+---------+-------
      Total |     555 |     224 |  28.8 |      66 |       5 |   7.0
            +---------+---------+-------+---------+---------+-------
        D:1 |      27 |       1 |   3.6 |      18 |       1 |   5.3
        D:2 |      66 |     223 |  77.2 |      11 |       4 |  26.7
        D:3 |      92 |       0 |   0.0 |      17 |       0 |   0.0
        D:4 |     226 |       0 |   0.0 |      15 |       0 |   0.0
        D:5 |     144 |       0 |   0.0 |       5 |       0 |   0.0
            +---------+---------+-------+---------+---------+-------
